 Dungeon Crawl Stone Soup version 0.14.0-18-g0341e45 (console) character file.

7446 Garrluk the Summoner (level 10, -2/44 HPs)
             Began as a Felid Conjurer on Apr 20, 2014.
             Was a Priest of Sif Muna.
             Slain by a centaur warrior
             ... wielding a +2,+1 halberd of flaming
              (5 damage)
             ... in a volcano.
             The game lasted 01:39:35 (24030 turns).

Garrluk the Summoner (Felid Conjurer)              Turns: 24030, Time: 01:39:35

HP  -2/44        AC  6     Str  4      XL: 10   Next: 71%
MP  14/28        EV 24     Int 21      God: Sif Muna [***...]
Gold 863         SH  0     Dex 19      Spells:  7 memorised,  7 levels left
Lives: 0, deaths: 2

rFire  + . .     SeeInvis +     (weapon unavailable)
rCold  + . .     Clarity  +     (armour unavailable)
rNeg   . . .     Conserve .     (shield unavailable)
rPois  .         rCorr    .     (helmet unavailable)
rElec  .         rRot     .     (cloak unavailable)
SustAb . .       Spirit   .     (gloves unavailable)
rMut   .         Warding  .     (boots unavailable)
Saprov . . .     Stasis   .     e - amulet of clarity
MR     +....                    s - ring of protection from fire
                                i - +4 ring of dexterity

@: quick, somewhat resistant to hostile enchantments, quite stealthy
A: paw claws, no armour, no weapons or thrown items, antennae 1, fangs 3, rough
black scales 1, see invisible, carnivore 3, cold resistance 1, deformed body,
speed 1, frail 1, screaming 2, shaggy fur 2, slow healing 1, slow metabolism 1,
spit poison 1, jump 2
a: Jump Attack, Spit Poison, Channel Energy, Forget Spell, Renounce Religion


You were in a volcano.
You worshipped Sif Muna.
Sif Muna was most pleased with you.
You were very full.

You visited 4 branches of the dungeon, and saw 18 of its levels.
You also visited: Labyrinth and Volcano.

You collected 863 gold pieces.

Inventory:

Magical devices
 f - a wand of heal wounds (2)
 v - a wand of draining (0)
Comestibles
 b - 5 meat rations
Scrolls
 d - 7 scrolls of teleportation
 h - a scroll of fog
 k - 5 scrolls of remove curse
 l - 3 scrolls of identify
 n - a scroll of blinking
Jewellery
 c - an uncursed ring of protection from magic
 e - an amulet of clarity (around neck)
 i - a +4 ring of dexterity (left paw)
 m - an uncursed ring of protection from fire
 p - the ring "Wued" {rN+ Dex-2 Int+3}
   (You found it in a labyrinth)

   [ring of positive energy]

   It affects your intelligence (+3).
   It affects your dexterity (-2).
 s - a ring of protection from fire (right paw)
 u - an uncursed amulet of stasis
 x - an uncursed ring of fire
 A - an uncursed ring of protection from cold
Potions
 a - 2 potions of curing
 g - a potion of heal wounds
 q - a potion of haste


   Skills:
 + Level 9.2 Fighting
 + Level 8.0 Dodging
 - Level 2.6 Stealth
 - Level 7.0 Spellcasting
 - Level 5.4 Conjurations
 + Level 2.2 Charms
 * Level 12.0 Summonings


You had 7 spell levels left.
You knew the following spells:

 Your Spells              Type           Power        Failure   Level  Hunger
a - Magic Dart            Conj           ####         1%          1    None
b - Searing Ray           Conj           ####..       1%          2    None
c - Summon Ice Beast      Ice/Summ       ####....     10%         4    ###....
d - Mephitic Cloud        Conj/Pois/Air  ###.....     14%         3    #......
e - Swiftness             Chrm/Air       ##......     12%         2    None
f - Repel Missiles        Chrm/Air       ##....       12%         2    None
X - Cure Poison           Pois           #.........   14%         2    None


Dungeon Overview and Level Annotations

Branches:
Dungeon (11/15)            Temple (1/1) D:6             Orc (2/4) D:10
   Lair (4/8) D:9           Swamp (0/5) Lair:3
 Shoals: Lair:3-6     Snake: Lair:3-6    Spider: Lair:3-6

Altars:
Ashenzari
Cheibriados
Dithmenos
Elyvilon
Fedhas
Kikubaaqudgha
Makhleb
Nemelex Xobeh
Okawaru
Sif Muna
Trog
Vehumet
Xom
Yredelemnul
Zin
The Shining One

Shops:
D:7 =   D:9 [   Orc:1 =

Annotations:
D:5 exclusion: 4 doors
D:7 exclusion: 2 doors
D:9 exclusion: wandering mushroom


Innate Abilities, Weirdness & Mutations

You cannot wear armour.
You are incapable of wielding weapons or throwing items.
Your paws have sharp claws.
You have razor-sharp teeth.
You have supernaturally acute eyesight.
You are carnivorous and can eat meat at any time.
You cover ground quickly.
You are covered in thick fur (AC +2).
You have a slow metabolism.
You can jump attack at a medium distance.
You have a pair of small antennae on your head.
You are partially covered in rough black scales (AC +4, Dex -1).
Your flesh is cold resistant.
Your body is misshapen.
You are frail (-10% HP).
You sometimes yell uncontrollably.
You heal slowly when monsters are visible.
You can spit poison.


Message History

Confirm with . or Enter, or press ? or * to list all spells.
Aiming: Mephitic Cloud
Press: ? - help, Shift-Dir - straight line, f/p - centaur warrior
Aim: a centaur warrior, wielding a halberd of flaming and wearing a robe of fire resistance (almost dead, bleeding)
The beam explodes into a vile cloud!
The stinking cloud engulfs the centaur warrior.
The centaur warrior is almost dead.
The stinking cloud engulfs you!
The centaur warrior is engulfed in noxious fumes.
The centaur warrior appears confused.
The centaur warrior is engulfed in noxious fumes.
The centaur warrior hits you with a halberd of flaming.
* * * LOW HITPOINT WARNING * * *
The centaur warrior burns you.
* * * LOW HITPOINT WARNING * * *
You see here a bolt of flame.
The centaur warrior is engulfed in noxious fumes.
The centaur warrior appears confused.
The centaur warrior hits you with a halberd of flaming.
You die...

### ####
##.###..## ≈ ≈
#.#...##.##
..§≈§§§§
#.###8###)#
.≈≈§§§§§
##.###:##.#
.§≈≈§≈§≈
##.#@#'#.##
..w§§≈≈
#8'(#c##.#
#.§.§≈≈
#.###.#)##
###..≈§≈≈ ###
#∩##)####8..§.§§≈
#.###.(.......§S≈
8.8 #####.....§§≈
#.# ###....§. §≈.
#####.. ≈.≈ #.#
.§. ###


You could see a centaur warrior (confused).

Vanquished Creatures
  A hill giant (D:6)
  A spiny frog (Lair:3)
  2 yaktaurs (Volcano)
  3 yaks (Lair:1)
  5 hippogriffs
  A hungry ghost (D:7)
  A shark (D:9)
  8 wolves
  2 water moccasins
  5 porcupines
  A phantom (D:8)
  A sky beast (D:9)
  3 ogres
  2 orc warriors
  A boring beetle (Lair:3)
  3 centaurs
  2 crocodiles
  6 giant frogs
  2 gnoll sergeants
  A big kobold (D:9)
  An insubstantial wisp (Lair:2)
  A cyclops skeleton (D:9)
  6 ice beasts
  A hippogriff zombie (D:7)
  2 electric eels
  3 crimson imps
  A goliath beetle (D:9)
  2 big fish (D:7)
  14 hounds
  4 orc priests
  3 jellies
  7 iguanas
  8 worker ants
  8 orc wizards
  5 sheep (Lair:3)
  Jessica (D:2)
  A hound zombie (D:6)
  A hound skeleton (D:7)
  24 gnolls
  A scorpion zombie (D:5)
  6 adders
  14 green rats
  A giant mite (D:6)
  3 shadow imps
  A worm (D:6)
  An iguana zombie (D:5)
  3 orc zombies
  An adder skeleton (D:9)
  An iguana skeleton (D:8)
  2 giant eyeballs
  9 giant geckos
  An ooze (D:6)
  37 orcs
  A ball python (D:1)
  A bat skeleton (D:7)
  3 bat zombies (D:6)
  3 giant cockroaches
  11 goblins
  20 hobgoblins
  10 quokkas
  22 bats
  2 giant newts
  34 jackals
  22 kobolds
  2 orc skeletons
  A quokka skeleton (D:6)
  12 rats
  A rat zombie (D:6)
370 creatures vanquished.

Vanquished Creatures (collateral kills)
  A hydra (Lair:3)
  Harold (Lair:1)
  A griffon (Lair:4)
  A black mamba (Lair:1)
  A spiny frog (Lair:3)
  A feature mimic (Volcano)
  A komodo dragon (Lair:4)
  A troll (D:9)
  A two-headed ogre (D:10)
  7 yaks
  An elephant slug (Lair:2)
  2 vampire mosquitoes (Lair:2)
  A fire bat (Volcano)
  A warg (Orc:1)
  3 water moccasins
  3 orc warriors
  2 porcupines
  5 giant goldfish
  A swamp drake (Lair:2)
  4 crocodiles
  A lava worm (Volcano)
  2 giant slugs
  A goliath beetle (D:6)
  3 hounds
  A big fish (D:9)
  2 orc priests
  A worker ant (D:10)
  A green rat (Lair:3)
  2 worms
  14 orcs (Orc:1)
  A jackal (D:9)
  A bat (D:9)
  A goblin (Orc:1)
  A fungus (Lair:3)
71 creatures vanquished.

Vanquished Creatures (others)
  50 ice beasts
50 creatures vanquished.

Grand Total: 491 creatures vanquished

Notes
Turn   | Place    | Note
--------------------------------------------------------------
     0 | D:1      | Garrluk, the Felid Conjurer, began the quest for the Orb.
     0 | D:1      | Reached XP level 1. HP: 7/7 MP: 4/4
   275 | D:1      | Reached XP level 2. HP: 6/11 MP: 0/5
   598 | D:1      | Reached skill level 4 in Conjurations
   870 | D:2      | Noticed Jessica
   896 | D:2      | Learned a level 2 spell: Searing Ray
  1067 | D:2      | Reached XP level 3. HP: 11/14 MP: 5/8
  1549 | D:2      | Killed Jessica
  1549 | D:2      | Reached XP level 4. HP: 18/18 MP: 4/12
  1730 | D:2      | Found a burning altar of Makhleb.
  2442 | D:3      | Found a sparkling altar of Nemelex Xobeh.
  2485 | D:3      | You fall through a shaft!
  2804 | D:3      | Reached skill level 5 in Conjurations
  2814 | D:3      | Found an iron altar of Okawaru.
  3061 | D:4      | Reached XP level 5. HP: 21/21 MP: 9/14
  3075 | D:4      | Reached skill level 1 in Fighting
  3351 | D:4      | Learned a level 4 spell: Summon Ice Beast
  3629 | D:5      | Entered Level 5 of the Dungeon
  3651 | D:4      | Gained mutation: You are covered in thick fur (AC +2). [growing up]
  3651 | D:4      | Gained mutation: You can jump attack at a medium distance. [growing up]
  3651 | D:4      | Reached XP level 6. HP: 14/26 MP: 1/17
  3789 | D:5      | Reached skill level 1 in Summonings
  4362 | D:5      | Noticed a phantom
  4947 | D:5      | Reached XP level 7. HP: 30/30 MP: 15/20
  5091 | D:5      | Found a white marble altar of Elyvilon.
  5321 | D:6      | Found a glowing silver altar of Zin.
  5322 | D:6      | Noticed an angel
  5351 | D:5      | Gained mutation: You occasionally shout uncontrollably. [potion of mutation]
  5351 | D:5      | Gained mutation: You are frail (-10% HP). [potion of mutation]
  5351 | D:5      | Gained mutation: You are partially covered in rough black scales (AC +4, Dex -1). [potion of mutation]
  5352 | D:5      | Gained mutation: Your flesh is cold resistant. [potion of mutation]
  5352 | D:5      | Gained mutation: You have a pair of small antennae on your head. [potion of mutation]
  5352 | D:5      | Gained mutation: You heal slowly when monsters are visible. [potion of mutation]
  5353 | D:5      | Gained mutation: You can spit poison. [potion of mutation]
  5353 | D:5      | Gained mutation: Your body is misshapen. [potion of mutation]
  5878 | D:6      | Noticed a hill giant
  5969 | D:7      | Reached XP level 8. HP: 15/32 MP: 9/22
  6053 | D:7      | Found a shadowy altar of Dithmenos.
  6100 | D:7      | Found a bloodstained altar of Trog.
  6114 | D:7      | Found a shattered altar of Ashenzari.
  6150 | D:7      | Reached skill level 5 in Spellcasting
  6150 | D:7      | Reached skill level 5 in Summonings
  6398 | D:7      | Found Fotatteu's Jewellery Shop.
  6672 | D:7      | Found a shimmering altar of Xom.
  7182 | D:7      | Reached skill level 6 in Summonings
  7388 | D:7      | Learned a level 3 spell: Mephitic Cloud
  7497 | D:7      | Reached skill level 5 in Fighting
  8081 | D:6      | Killed a hill giant
  8081 | D:6      | Reached skill level 7 in Summonings
  8081 | D:6      | Reached XP level 9. HP: 36/36 MP: 11/25
  8366 | D:6      | Found an ancient bone altar of Kikubaaqudgha.
  8410 | D:6      | Paralysed by a giant eyeball for 3 turns
  8424 | D:6      | Found a glowing golden altar of the Shining One.
  8452 | D:6      | Found a glowing golden altar of the Shining One.
  8493 | D:6      | Found a staircase to the Ecumenical Temple.
  8695 | Temple   | Entered the Ecumenical Temple
  8800 | Temple   | Became a worshipper of Sif Muna the Loreminder
  9465 | D:8      | Paralysed by a giant eyeball for 2 turns
  9472 | D:8      | Paralysed by a giant eyeball for 4 turns
  9840 | D:8      | Reached skill level 8 in Summonings
 10411 | D:9      | Found Owkuocs' Armour Shoppe.
 10473 | D:9      | Acquired Sif Muna's first power
 10742 | D:9      | Found a staircase to the Lair.
 10840 | D:10     | Entered Level 10 of the Dungeon
 11003 | D:10     | Reached skill level 9 in Summonings
 11340 | D:9      | Reached XP level 10. HP: 29/41 MP: 23/28
 12246 | D:9      | Found a blossoming altar of Fedhas.
 12352 | D:9      | Acquired Sif Muna's second power
 12743 | Lair:1   | Entered Level 1 of the Lair of Beasts
 12908 | Lair:1   | Learned a level 2 spell: Cure Poison
 13533 | Lair:1   | Reached skill level 10 in Summonings
 13598 | Lair:1   | Noticed Harold
 13600 | Lair:1   | Killed from afar by Harold
 13601 | Lair:1   | Reached XP level 9. HP: -1/38 MP: 8/26
 13626 | Lair:1   | Noticed a black mamba
 13640 | Lair:1   | Killed a black mamba
 13865 | Lair:1   | Killed Harold
 13865 | Lair:1   | Reached skill level 5 in Dodging
 14572 | Lair:2   | Reached XP level 10. HP: 41/43 MP: 22/28
 15494 | Lair:2   | Reached skill level 11 in Summonings
 16609 | Lair:1   | Slain by a wolf
 16610 | Lair:1   | Reached XP level 9. HP: 0/40 MP: 3/26
 17300 | Lair:3   | Noticed an eight-headed hydra
 17385 | Lair:3   | Killed an eight-headed hydra
 17385 | Lair:3   | Reached XP level 10. HP: 44/44 MP: 1/28
 18075 | Lair:3   | Found a staircase to the Swamp.
 18374 | Lair:4   | Noticed an elephant
 18431 | Lair:4   | Found a labyrinth entrance.
 18454 | Lab      | Entered a labyrinth
 20504 | Lab      | Noticed a minotaur
 20889 | Lab      | Identified the Collected Works on Necromancy
 20889 | Lab      | Got a fine turquoise ring
 20889 | Lab      | Identified Vehumet's Collected Works on Gliding Conjuration
 20939 | Lair:3   | Identified the ring "Wued" {rN+ Dex-2 Int+3} (You found it in a labyrinth)
 20944 | Lair:3   | Learned a level 2 spell: Swiftness
 20947 | Lair:3   | Learned a level 2 spell: Repel Missiles
 21012 | Lair:4   | Noticed a griffon
 21043 | Lair:4   | Killed a griffon
 21582 | Lair:4   | Reached skill level 1 in Charms
 21903 | Lair:4   | Noticed an elephant
 21911 | Lair:4   | Noticed an elephant
 21913 | Lair:4   | Noticed an elephant
 21916 | Lair:4   | Noticed an elephant
 22237 | D:10     | Found a staircase to the Orcish Mines.
 23053 | D:11     | Noticed a cyclops
 23069 | Orc:1    | Entered Level 1 of the Orcish Mines
 23235 | Orc:1    | Found Khiucer's Jewellery Shop.
 23239 | Orc:1    | Noticed an orc sorcerer
 23257 | Orc:1    | Gained mutation: You sometimes yell uncontrollably. [a neqoxec]
 23334 | Orc:1    | Found a dark tunnel.
 23346 | Volcano  | Entered a volcano
 23763 | Volcano  | Reached skill level 12 in Summonings
 23913 | Volcano  | Noticed a centaur warrior
 24030 | Volcano  | Slain by a centaur warrior

Action                   |  1- 3 |  4- 6 |  7- 9 | 10-12 || total
-------------------------+-------+-------+-------+-------++-------
Melee: Unarmed           |    25 |    36 |    67 |   157 ||   285
 Cast: Magic Dart        |    74 |   109 |   255 |   102 ||   540
       Searing Ray       |     4 |    29 |    95 |    91 ||   219
       Summon Ice Beast  |       |       |    41 |   106 ||   147
       Mephitic Cloud    |       |       |    23 |    55 ||    78
       Repel Missiles    |       |       |       |     2 ||     2
       Swiftness         |       |       |       |     1 ||     1
 Abil: Spit Poison       |       |       |     2 |     2 ||     4
       Jump Attack       |       |       |     1 |       ||     1
Evoke: Wand              |       |       |     2 |     6 ||     8
  Use: Potion            |       |     2 |    11 |     5 ||    18
       Scroll            |       |     2 |     9 |    10 ||    21
 Stab: Sleeping          |     1 |     1 |     1 |       ||     3
       Distracted        |       |       |     3 |       ||     3
       Confused          |       |       |     1 |     7 ||     8
